 Dungeon Sprint DCSS version 0.20.1-1-g8b1a95d (webtiles) character file.

23 Mitsuki the Shield-Bearer (level 3, 0/31 HPs)
             Began as a Formicid Fighter on Sept 26, 2017.
             Slain by a yak (3 damage)
             ... in the Dungeon (Sprint I: "Red Sonja").
             The game lasted 00:00:54 (78 turns).

Mitsuki the Shield-Bearer (Formicid Fighter)          Turns: 78, Time: 00:00:54

Health: 0/31       AC:  7    Str: 21    XL:     3   Next: 10%
Magic:  3/3        EV:  8    Int:  7    God:
Gold:   0          SH: 10    Dex: 10    Spells: 2/2 levels left

rFire    . . .     SeeInvis +   a - +0 flail
rCold    . . .     Gourm    .   c - +0 shield
rNeg     . . .     Faith    .   b - +0 scale mail
rPois    .         Spirit   .   (helmet unavailable)
rElec    .         Reflect  .   (no cloak)
rCorr    .         Harm     .   (no gloves)
MR       .....                  (no boots)
Stlth    ..........             (no amulet)
Regen    0.1/turn               (no ring)
MPRegen  0.1/turn               (no ring)

@: no status effects
A: permanent stasis, dig shafts and tunnels, four strong arms, antennae 3
a: Dig


You were in the Dungeon.
You were not hungry.

You visited 1 branch

Inventory:

Hand Weapons
 a - a +0 flail (weapon)
Armour
 b - a +0 scale mail (worn)
 c - a +0 shield (worn)
Scrolls
 k - a scroll of blinking
Potions
 d - a potion of might
 e - a potion of curing
 g - a potion of heal wounds
 h - a potion of haste
 i - 2 potions of magic
 j - a potion of berserk rage
Comestibles
 f - a bread ration
 l - a chunk of flesh


   Skills:
 + Level 4.4 Fighting
 + Level 3.3 Maces & Flails
 + Level 4.4 Armour
 + Level 4.9 Shields


You had 2 spell levels left.
You didn't know any spells.

Dungeon Overview and Level Annotations

Branches:
Dungeon (1/1)

Altars:
Cheibriados
Dithmenos
Elyvilon
Fedhas
Gozag
Hepliaklqana
Kikubaaqudgha
Nemelex Xobeh
Okawaru
Qazlal
Ru
Trog
Uskayaw
Yredelemnul
Zin
The Shining One

Shops:
D *


Innate Abilities, Weirdness & Mutations

You cannot be hasted, slowed, berserked, paralysed or teleported.
You can dig through walls and to a lower floor.
Your four strong arms can wield two-handed weapons with a shield.
You have a pair of large antennae on your head. (SInv)


Message History

There is an iron altar of Okawaru here.
You hit the yak but do no damage. You block the yak's attack.
The yak barely misses you.
Your scale mail prevents you from hitting the yak.
The yak gores you!
You hit the yak.
The yak is lightly wounded.
The yak gores you!
* * * LOW HITPOINT WARNING * * *
You hit the yak.
The yak is lightly wounded.
You block the yak's attack.
You hit the yak.
The yak is moderately wounded.
You block the yak's attack. The yak gores you.
* * * LOW HITPOINT WARNING * * *
Your shield and scale mail prevent you from hitting the yak.
The yak is moderately wounded.
The yak gores you.
You die...

#######
#<.#..+ {
#..)..# {
#..##.#
#..##.#
#..#__####
#..#_@Y__#
#⌠⌠#_.∩...+
####_..__##
#_____#
#######


You could see a yak.

Vanquished Creatures
  Ijyb (D)
1 creature vanquished.

Notes
Turn   | Place    | Note
-------+----------+-------------------------------------------
     0 | D        | Mitsuki the Formicid Fighter began the quest for the Orb.
     0 | D        | Reached XP level 1. HP: 18/18 MP: 1/1
     1 | D        | Noticed Ijyb
    16 | D        | Killed Ijyb
    16 | D        | Reached XP level 2. HP: 21/26 MP: 2/2
    16 | D        | Reached XP level 3. HP: 26/31 MP: 3/3
    69 | D        | Found a glowing silver altar of Zin.
    69 | D        | Found a white marble altar of Elyvilon.
    69 | D        | Found an iron altar of Okawaru.
    69 | D        | Found a bloodstained altar of Trog.
    69 | D        | Found a glowing golden altar of the Shining One.
    69 | D        | Found Porumenoep's Assorted Antiques.
    69 | D        | Found an ancient bone altar of Kikubaaqudgha.
    69 | D        | Found a basalt altar of Yredelemnul.
    69 | D        | Found a hide-covered altar of Uskayaw.
    69 | D        | Found a hazy altar of Hepliaklqana.
    69 | D        | Found a sacrificial altar of Ru.
    69 | D        | Found a snail-covered altar of Cheibriados.
    69 | D        | Found a shadowy altar of Dithmenos.
    69 | D        | Found an opulent altar of Gozag.
    69 | D        | Found a sparkling altar of Nemelex Xobeh.
    70 | D        | Found a blossoming altar of Fedhas.
    70 | D        | Found a stormy altar of Qazlal.
    70 | D        | Noticed a yak
    78 | D        | Slain by a yak

Skill      XL: |  1 |
---------------+----+-----
Fighting       | 4 |  4.4
Maces & Flails | 3 |  3.3
Armour         | 4 |  4.4
Shields        | 4 |  4.9

Action                   || total
-------------------------++-------
Melee: Flail             ||    20
 Abil: Dig               ||     1
Armor: Scale mail        ||     6
Dodge: Dodged            ||     5
Block: Shield            ||     6
